 Dungeon Crawl Stone Soup version 0.30.1-4-g462c640d31 (webtiles) character file.

Game seed: 7335553469577229748

207 Zeor the Slasher (level 5, -10/39 HPs)
             Began as a Demonspawn Reaver on Aug 23, 2023.
             Mangled by a gnoll
             ... wielding a +0 halberd
              (12 damage)
             ... on level 4 of the Dungeon.
             The game lasted 00:10:32 (2714 turns).

Zeor the Slasher (Demonspawn Reaver)                Turns: 2714, Time: 00:10:33

Health: -10/39     AC:  4    Str: 13    XL:     5   Next: 54%
Magic:  5/9        EV: 11    Int: 16    God:
Gold:   174        SH:  0    Dex: 11    Spells: 3/9 levels left

rFire   . . .        m - +0 long sword
rCold   . . .        (no shield)
rNeg    . . .        b - +1 leather armour
rPois   .            (no helmet)
rElec   .            (no cloak)
rCorr   .            (no gloves)
SInv    .            (no boots)
Will    .....        (no amulet)
Stlth   +            (no ring)
HPRegen 0.26/turn    (no ring)
MPRegen 0.11/turn

%: no passive effects
@: very slightly contaminated
A: hooves 1, powered by pain 1
a: no special abilities


You were on level 4 of the Dungeon.
You visited 1 branch of the dungeon, and saw 4 of its levels.

You collected 174 gold pieces.

Inventory:

Hand Weapons
 a - a +0 falchion
 m - a +0 long sword (weapon)
Missiles
 i - 7 boomerangs
Armour
 b - a +1 leather armour (worn)
Jewellery
 c - a ring of protection from cold
 l - a ring of fire
Wands
 j - a wand of mindburst (22)
Scrolls
 h - a scroll of teleportation
 k - a scroll of magic mapping
Potions
 d - a potion of resistance
 e - 2 potions of curing
 f - a potion of heal wounds {unknown}
 g - 2 potions of lignification {unknown}


   Skills:
 + Level 2.6 Fighting
 + Level 3.8 Long Blades
 + Level 1.7 Armour
 + Level 2.2 Dodging
 + Level 0.2 Stealth
 + Level 2.9 Spellcasting
 + Level 3.2 Conjurations
 + Level 0.9 Translocations


You had 3 spell levels left.
You knew the following spells:

 Your Spells              Type           Power      Damage    Failure   Level
h - Hailstorm             Conj/Ice       7%         3d4       36%         3
k - Kiss of Death         Conj/Necr      28%        2d7       12%         1
s - Momentum Strike       Conj/Tloc      18%        3d8       16%         2

Your spell library contained the following spells:

 Spells                   Type           Power      Damage    Failure   Level
 Scorch                   Fire           4%         2d5       36%         2
 Flame Wave               Conj/Fire      7%         2d5       77%         4
 Summon Cactus Giant      Summ           1%         N/A       100%        6


Dungeon Overview and Level Annotations

Branches:
Dungeon (4/15)
 Temple: D:4-7

Altars:


Innate Abilities, Weirdness & Mutations

You have large cloven feet.
You sometimes gain a little power by taking damage.


Message History

The gnoll throws a stone.
The stone barely misses you.
The gnoll throws a stone.
The stone hits you. The gnoll hits you with a +0 halberd.
You hit the gnoll.
The gnoll is moderately wounded.
The gnoll completely misses you.
You barely miss the gnoll. You kick the gnoll, but do no damage.
The gnoll is moderately wounded.
A gnoll comes into view. It is wielding a +0 halberd.
The gnoll hits you with a +0 halberd.
The gnoll shouts!
You hit the gnoll. You kick the gnoll.
You kill the gnoll!
Casting: Hailstorm (quite dangerous; 36% risk of failure)
Confirm with . or Enter, or press ? or * to list all spells.
Aiming: Momentum Strike (safe; 16% risk of failure)
Press: ? - help, Dir - move target, f - gnoll
Aim: a gnoll, wielding a +0 halberd (72% to hit)
You miscast Momentum Strike.
You are very lightly contaminated with residual magic.
Nothing appears to happen.
A gnoll comes into view. It is wielding a +0 flail.
Casting: Momentum Strike (safe; 16% risk of failure)
Confirm with . or Enter, or press ? or * to list all spells.
Aiming: Momentum Strike (safe; 16% risk of failure)
Press: ? - help, Dir - move target, f/p - gnoll
Aim: a gnoll, wielding a +0 halberd (72% to hit)
You miscast Momentum Strike.
Nothing appears to happen.
The gnoll hits you with a +0 halberd.
You hit the gnoll but do no damage. The gnoll hits you with a +0 halberd!
The gnoll hits you with a +0 halberd.
* * * LOW HITPOINT WARNING * * *
You closely miss the gnoll. The gnoll closely misses you.
It was a potion of curing.
You feel better. The gnoll hits you with a +0 halberd!
* * * LOW HITPOINT WARNING * * *
The gnoll hits you with a +0 flail!
* * * LOW HITPOINT WARNING * * *
You closely miss the gnoll. The gnoll hits you with a +0 halberd!
You die...

∙∙∙∙∙∙∙∙∙▒▒∙∙∙∙▒▒∙∙∙∙▒▒▒▒▒▒▒
∙∙∙∙∙∙∙∙∙∙∙∙∙∙∙∙▒∙∙∙∙∙>∙∙∙∙▒
∙∙∙∙∙∙∙∙∙▒∙▒▒∙∙∙†∙)<∙∙∙∙∙∙∙▒
∙∙∙∙∙∙∙∙∙▒∙∙▒∙)▒)▒▒▒∙∙∙∙∙∙∙▒
∙∙∙∙∙∙∙∙∙▒∙∙▒)∙▒))▒▒▒∙∙∙∙∙∙▒
▒∙∙∙∙∙∙∙▒▒∙∙▒)▒▒▒∙▒∙∙∙∙∙∙∙∙▒
∙∙∙∙∙∙∙∙?∙∙∙∙∙∙∙∙∙∙∙▒∙∙∙∙∙∙▒
∙∙∙∙∙∙∙∙∙∙▒gg∙∙∙)∙∙∙▒∙∙∙∙∙∙▒
∙∙∙∙∙∙∙∙∙∙∙6∙∙))∙∙∙▒∙∙∙∙∙∙▒
∙∙∙∙∙▒∙∙∙)∙∙∙∙∙∙▒∙∙∙∙∙∙▒
∙∙∙∙∙∙∙∙∙∙∙∙∙∙∙∙▒▒▒▒▒▒▒▒
∙∙∙∙∙∙∙∙∙∙∙∙∙∙∙∙▒▒▒▒▒
∙∙∙∙▒▒∙∙∙∙∙∙∙∙∙∙∙∙∙∙▒
∙∙∙∙∙∙∙∙∙∙∙∙∙∙∙∙∙▒▒▒▒
∙∙∙∙∙∙∙∙▒▒▒▒▒▒∙▒∙▒
∙∙∙▒▒▒∙∙∙∙∙∙▒▒∙▒∙▒▒▒ ▒
▒▒∙▒▒∙∙∙∙∙∙∙∙∙▒


You could see 2 gnolls.

Vanquished Creatures
  A bullfrog (D:3)
  Robin (D:4)
  A gnoll (D:4)
  3 adders
  A worm (D:2)
  A dart slug (D:2)
  5 orcs (D:4)
  3 bats (D:3)
  12 endoplasms
  7 giant cockroaches
  7 goblins
  11 hobgoblins
  3 quokkas
  4 ball pythons
  2 frilled lizards
  6 kobolds
  9 rats
77 creatures vanquished.

Notes
Turn   | Place    | Note
-------+----------+-------------------------------------------
     0 | D:1      | Zeor the Demonspawn Reaver began the quest for the Orb.
     0 | D:1      | Reached XP level 1. HP: 16/16 MP: 3/3
   152 | D:1      | Gained mutation: You have large cloven feet. [demonic
                  | ancestry]
   152 | D:1      | Reached XP level 2. HP: 20/22 MP: 5/5
   275 | D:1      | Learned a level 2 spell: Momentum Strike
   913 | D:2      | Reached XP level 3. HP: 27/27 MP: 3/6
   982 | D:2      | Learned a level 3 spell: Hailstorm
  1346 | D:2      | Found a faded altar of an unknown god.
  1347 | D:2      | Noticed an eye of devastation
  1349 | D:2      | Noticed a great orb of eyes
  1349 | D:2      | Noticed a shining eye
  1349 | D:2      | Noticed a great orb of eyes
  1815 | D:3      | Noticed a bullfrog
  1821 | D:3      | Killed a bullfrog
  1822 | D:3      | Reached skill level 1 in Armour
  1822 | D:3      | Reached XP level 4. HP: 28/34 MP: 3/8
  1994 | D:3      | Gained mutation: You sometimes gain a little power by
                  | taking damage. [demonic ancestry]
  1994 | D:3      | Reached XP level 5. HP: 10/39 MP: 1/9
  2546 | D:4      | Noticed Robin
  2560 | D:4      | Killed Robin
  2714 | D:4      | Mangled by a gnoll

Illustrated notes

Levels and vault maps discovered:
D:1:      mushboom_english_gardens, layout_loops_cross,
          minmay_misc_feat_more_columns
D:2:      layout_basic, hellmonk_ecumenical_altar_watching_god, serial_curves,
          eino_curves_03, eino_curves_01
D:3:      layout_rooms, kennysheep_flooded_box
D:4:      minmay_evil_eye, layout_rooms, uniq_robin

Skill      XL: |  1  2  3 |
---------------+----------+-----
Long Blades    | 3 |  3.8
Dodging        | 2 |  2.2
Armour         | 1 |  1.7
Fighting       | |  2.6
Stealth        | |  0.2
Spellcasting   | |  2.9
Conjurations   | |  3.2
Translocations | |  0.9

Action                     |  1- 3 |  4- 6 || total
---------------------------+-------+-------++-------
  Melee: Falchion          |    74 |    39 ||   113
         Kick              |    15 |    20 ||    35
         Long sword        |       |    46 ||    46
   Cast: Momentum Strike   |    18 |     9 ||    27
         Kiss of Death     |     1 |       ||     1
         Hailstorm         |       |     2 ||     2
    Use: Scroll            |     5 |     2 ||     7
         Potion            |       |     2 ||     2
 Armour: Leather armour    |    20 |    34 ||    54
  Dodge: Dodged            |    45 |    72 ||   117
